 Dungeon Crawl Stone Soup version 0.31-a0-986-g5e6e4ef867 (webtiles) character file.

Game seed: 1570305543070338236

158 Curundu the Ducker (level 5, -1/53 HPs)
             Began as a Troll Berserker on Nov 17, 2023.
             Was a Believer of Trog.
             Slain by a black bear (6 damage)
             ... on level 4 of the Dungeon.
             The game lasted 00:22:36 (3321 turns).

Curundu the Ducker (Troll Berserker)                Turns: 3321, Time: 00:22:39

Health: -1/53      AC:  4    Str: 25    XL:     5   Next: 16%
Magic:  13/13      EV: 10    Int:  3    God:    Trog [**....]
Gold:   154        SH:  5    Dex: 11    Spells: 4/4 levels left

rFire   . . .        a - +0 hand axe
rCold   . . .        (no shield)
rNeg    + . .        b - +0 animal skin
rPois   .            (helmet restricted)
rElec   .            k - scarf "Qeuv" {+Inv, Contam Rampage rN+ MP+9}
rCorr   .            (gloves unavailable)
SInv    .            (boots unavailable)
Will    ++...        c - amulet of reflection
Stlth   +            (no ring)
HPRegen 2.08/turn    (no ring)
MPRegen 0.13/turn

%: reflection, rampage
@: strong-willed, regenerating
A: large, unfitting armour, claws 3, regeneration 1, shaggy fur 1, tough skin 1
a: Renounce Religion, Evoke Invisibility, Berserk, Trog's Hand


You were on level 4 of the Dungeon.
You worshipped Trog.
Trog was pleased with you.
You visited 1 branch of the dungeon, and saw 4 of its levels.

You collected 154 gold pieces.

Inventory:

Hand Weapons
 a - a +0 hand axe (weapon)
Missiles
 d - 49 stones
 f - 5 poisoned darts
 q - 3 boomerangs
Armour
 b - a +0 animal skin (worn)
 k - the scarf "Qeuv" (worn) {+Inv, Contam Rampage rN+ MP+9}
   (You found it on level 2 of the Dungeon)

   rN+:       It protects you from negative energy.
   MP+9:      It affects your magic capacity (+9).
   Contam:    It causes magical contamination when unequipped.
   Rampage:   It bestows one free step when moving towards enemies.
Jewellery
 c - an amulet of reflection (around neck)
Scrolls
 e - a scroll of immolation {unknown}
 i - a scroll of amnesia
 j - a scroll of fog {unknown}
 l - a scroll of torment {unknown}
 m - a scroll of blinking {unknown}
 n - a scroll of enchant weapon {unknown}
 o - a scroll of enchant armour {unknown}
 p - a scroll of silence {unknown}
 r - a scroll of identify {unknown}
Potions
 g - 2 potions of haste {unknown}
 h - a potion of heal wounds {unknown}


   Skills:
 + Level 3.0 Fighting
 + Level 3.4 Axes
 + Level 3.5 Dodging
 + Level 0.2 Stealth
 + Level 1.0 Shields


You had 4 spell levels left.
You didn't know any spells.
Your spell library was empty.

Dungeon Overview and Level Annotations

Branches:
Dungeon (4/15)
 Temple: D:4-7

Altars:
Gozag
Kikubaaqudgha
Makhleb
Qazlal
Vehumet


Innate Abilities, Weirdness & Mutations

You are too large for most types of armour.
You have claws for hands.
Your natural rate of healing is unusually fast.
You are covered in fur. (AC +1)
You have tough skin. (AC +1)


Message History

The black bear claws you but does no damage.
You closely miss the black bear.
The black bear is heavily wounded.
You block the black bear's attack. The black bear claws you.
The black bear claws you but does no damage.
Activating: Trog's Hand (1% risk of failure)
Press: ? - help, Q - select action, (/) - cycle Dir - look around, f - activate Your skin crawls.
You feel strong-willed. The black bear bites you.
The black bear barely misses you.
The black bear claws you but does no damage.
You hit the black bear.
The black bear is severely wounded.
You block the black bear's attack.
The black bear claws you but does no damage. x2
You barely miss the black bear.
The black bear is severely wounded.
The black bear bites you. You block the black bear's attack.
The black bear claws you.
* * * LOW HITPOINT WARNING * * *
You hit the black bear.
The black bear is almost dead.
The black bear bites you.
* * * LOW HITPOINT WARNING * * *
The black bear claws you.
* * * LOW HITPOINT WARNING * * *
The black bear barely misses you.
You closely miss the black bear.
The black bear is almost dead.
The black bear goes berserk!
The black bear barely misses you.
The black bear claws you but does no damage.
The black bear misses you.
You barely miss the black bear.
The black bear is severely wounded.
The black bear bites you!
* * * LOW HITPOINT WARNING * * *
The black bear claws you.
* * * LOW HITPOINT WARNING * * *
The black bear claws you.
You die...

##########
#..h@....#
.........##.#
..##.###.# .#
# #.# .# #.#
.# #.# .# #.#
.# #.# .#


You could see a black bear (berserk).

Vanquished Creatures
  Jessica (D:2)
  Natasha (twice) (D:2)
  2 adders
  A worm (D:2)
  A dart slug (D:1)
  4 bat zombies (D:3)
  5 endoplasms
  5 giant cockroaches
  3 hobgoblins
  2 jackals (D:1)
  5 quokkas
  5 ball pythons
  3 bats
  2 frilled lizards
  4 goblins
  5 kobolds
  6 rats
  3 rat zombies (D:3)
59 creatures vanquished.

Notes
Turn   | Place    | Note
-------+----------+-------------------------------------------
     0 | D:1      | Curundu the Troll Berserker began the quest for the Orb.
     0 | D:1      | Reached XP level 1. HP: 22/22 MP: 0/0
   315 | D:1      | Reached XP level 2. HP: 29/29 MP: 1/1
  1111 | D:2      | Found a burning altar of Makhleb.
  1177 | D:2      | Reached XP level 3. HP: 27/36 MP: 2/2
  1251 | D:2      | Reached ** piety under Trog
  1466 | D:2      | Identified the scarf "Qeuv" {+Inv, Contam Rampage rN+ MP+9}
  1610 | D:2      | Noticed Natasha
  1618 | D:2      | Killed Natasha
  1715 | D:2      | Found a faded altar of an unknown god.
  1798 | D:2      | Noticed Jessica
  1806 | D:2      | Killed Jessica
  1807 | D:2      | Reached XP level 4. HP: 39/44 MP: 3/3
  2150 | D:2      | Noticed Natasha
  2159 | D:2      | Killed Natasha
  2299 | D:3      | Found an opulent altar of Gozag.
  2375 | D:3      | Reached skill level 1 in Shields
  2375 | D:3      | Reached XP level 5. HP: 50/53 MP: 4/4
  2513 | D:3      | Found a stormy altar of Qazlal.
  2518 | D:3      | Noticed a water elemental
  2518 | D:3      | Noticed an air elemental
  2518 | D:3      | Noticed a fire elemental
  2873 | D:3      | Found an ancient bone altar of Kikubaaqudgha.
  3089 | D:3      | Found a radiant altar of Vehumet.
  3302 | D:4      | Noticed a black bear
  3321 | D:4      | Slain by a black bear

Illustrated notes

Levels and vault maps discovered:
D:1:      minmay_arrival_solitary_statue, layout_loops_corners
D:2:      layout_loops_corners, chequers_ecumenical_altar_grove, basic_altar,
          kennysheep_generic_room_11, uniq_jessica, uniq_natasha
D:3:      layout_loops_corners, lemuel_zombie_altar_kikubaaqudgha,
          mainiacjoe_overflow_boulevard, fiery_altar_vehumet,
          nicolae_qazlal_style_of_elements, gup_sewer_entry_pipe,
          kennysheep_generic_room_16
D:4:      layout_loops_ring, mainiacjoe_overflow_brackets, grunt_decor_junction,
          uniq_robin, uniq_blork_the_orc, uniq_edmund

Skill      XL: |  1  2  3  4 |
---------------+-------------+-----
Axes           | 3 |  3.4
Dodging        | 3 |  3.5
Fighting       | 3 |  3.0
Shields        | 1 |  1.0
Stealth        | |  0.2

Action                     |  1- 3 |  4- 6 || total
---------------------------+-------+-------++-------
  Melee: Hand axe          |    97 |   132 ||   229
         Punch             |       |     2 ||     2
 Invoke: Trog's Hand       |       |     1 ||     1
    Use: Scroll            |       |     1 ||     1
 Armour: Animal skin       |    70 |   104 ||   174
  Dodge: Dodged            |    34 |    72 ||   106
  Block: Other             |    22 |    36 ||    58
         Reflection        |     1 |       ||     1

Table legend: (Time is in decaauts)
 A = Elapsed time spent in this place.
 B = Non-inter-level travel time spent in this place.
 C = Inter-level travel time spent in this place.
 D = Time resting spent in this place.
 E = Time spent auto-exploring this place.
 F = Levels seen in this place.
 G = Mean time per level.
                   A        B        C        D        E       F      G
               +--------+--------+--------+--------+--------+-----+--------+
         Total |   3354 |   3354 |      0 |     90 |      0 |   4 |  838.5 |
       Dungeon |   3354 |   3354 |      0 |     90 |      0 |   4 |  838.5 |
               +--------+--------+--------+--------+--------+-----+--------+

Top non-repeatable levels by time:
     D:3: 1131 daAuts
     D:1: 1111 daAuts
     D:2: 1091 daAuts
     D:4: 20 daAuts
